Get step-by-step instructions on how to execute this build order below. Start the game timer, and the build order will tick by so you can play in parallel with StarCraft on a second screen or mobile device.

Game Time

  0:00

Last Step

  N/A

Next Step

Upcoming Step



Don't want to look back and forth between 2 screens? Try out our Overwolf App, the Spawning Tool Build Advisor to get an in-game overlay with this build!

Complete Build Order

  12  0:00  Drone  
  13  0:11  Overlord  
  13  0:16  Drone  
  14  0:30  Drone x2  
  16  0:47  Hatchery  
  15  0:50  Drone  
  15  0:54  Drone  
  17  0:57  Drone  
  18  1:09  Extractor  
  17  1:13  Spawning Pool  
  17  1:15  Drone  
  17  1:20  Drone  
  18  1:27  Drone  
  19  1:38  Drone  
  20  1:49  Drone  
  21  1:59  Queen x2  
  21  2:00  Zergling x4  
  27  2:11  Zergling x2, Overlord  
  27  2:12  Metabolic Boost  
  27  2:30  Drone  
  27  2:32  Zergling x4  
  27  2:35  Queen  
  32  2:39  Queen  
  32  2:42  Overlord  
  33  2:45  Overlord  
  33  2:49  Drone  
  34  2:53  Drone  
  34  2:54  Drone  
  36  3:05  Drone  
  36  3:06  Drone  
  36  3:10  Zergling x4  
  39  3:17  Zergling x4  
  39  3:22  Zergling x4  
  39  3:25  Drone  
  39  3:26  Drone, Queen  
  45  3:31  Overlord  
  45  3:33  Zergling x2  
  46  3:44  Zergling x10  
  51  3:52  Overlord  
  51  3:56  Drone x3  
  51  4:02  Drone  
  55  4:05  Hatchery  
  55  4:06  Queen  
  56  4:10  Drone x2  
  56  4:16  Drone x3  
  61  4:23  Drone x2  
  63  4:28  Drone x2  
  65  4:35  Overlord  
  65  4:37  Drone x3  
  68  4:43  Extractor  
  68  4:44  Overlord  
  67  4:51  Extractor, Queen, Overlord  
  67  4:52  Baneling Nest  
  67  4:53  Queen  
  67  4:56  Drone x3  
  67  4:58  Drone  
  73  5:00  Drone  
  74  5:07  Drone  
  74  5:12  Drone  
  76  5:17  Queen  
  76  5:20  Overlord  
  76  5:21  Overlord  
  78  5:23  Drone x5  
  78  5:27  Zergling x2  
  84  5:32  Drone x3  
  84  5:35  Lair  
  87  5:38  Baneling  
  87  5:39  Baneling x6  
  87  5:41  Zergling x2  
  87  5:42  Zergling x4  
  90  5:46  Evolution Chamber  
  90  5:48  Drone  
  90  5:49  Drone  
  91  5:50  Zergling x2, Evolution Chamber  
  91  5:54  Drone  
  91  5:55  Zergling x4, Spore Crawler  
  93  5:59  Queen  
  93  6:03  Zergling x6  
  97  6:07  Zergling x8  
  101  6:12  Zergling x4  
  101  6:13  Baneling x5  
  101  6:18  Overlord  
  103  6:19  Overlord  
  103  6:27  Overlord  
  103  6:34  Zerg Melee Weapons Level 1, Centrifugal Hooks  
  103  6:36  Zergling x12  
  107  6:43  Zergling x2, Drone x2  
  107  6:44  Queen  
  112  6:47  Queen  
  112  6:50  Zergling x6  
  117  6:55  Zergling x4  
  117  6:57  Baneling x7  
  117  7:01  Zergling x4  
  121  7:05  Zergling x2  
  122  7:09  Zergling x2  
  122  7:14  Zergling x8  
  125  7:16  Zergling x6  
  125  7:21  Zergling x4  
  127  7:23  Baneling x8  
  127  7:25  Hatchery  
  127  7:26  Zergling x2  
  127  7:28  Queen  
  129  7:31  Overlord  
  129  7:34  Overlord x2  
  129  7:42  Baneling x5  
  129  7:46  Overlord x2  
  129  7:49  Queen  
  131  7:51  Zergling x12  
  131  7:53  Baneling x4  
  135  8:04  Zergling x10  
  135  8:05  Baneling x5  
  136  8:08  Queen  
  136  8:09  Queen  
  136  8:11  Zergling x10  
  143  8:17  Zergling x2  
  139  8:22  Zergling x2  
  139  8:24  Queen  
  139  8:29  Zergling x4  
  120  8:36  Zergling x6  
  120  8:39  Zerg Ground Armor Level 1  
  120  8:41  Evolution Chamber  
  122  8:42  Overlord  
  122  8:45  Drone  
  122  8:46  Drone x7  
  129  8:51  Spore Crawler x2  
  129  8:52  Spore Crawler  
  129  8:53  Drone x2  
  128  9:00  Zergling x4  
  129  9:03  Zergling x4  
  129  9:05  Spore Crawler  
  127  9:10  Drone  
  127  9:11  Drone x3  
  127  9:13  Zergling x6  
  127  9:15  Zerg Melee Weapons Level 2  
  133  9:18  Zergling x8  
  133  9:21  Hydralisk Den  
  133  9:23  Zergling x10  
  141  9:27  Zergling x2  
  141  9:30  Overlord  
  140  9:33  Zergling x4  
  140  9:38  Zergling x8  
  143  9:40  Baneling x7  
  143  9:44  Overlord  
  143  9:49  Extractor  
  143  9:50  Grooved Spines  
  142  9:53  Zergling x14  
  142  9:58  Zergling x8  
  127  10:07  Zergling x12  
  127  10:13  Zergling x2  
  110  10:14  Queen x2  
  110  10:16  Baneling x2  
  110  10:17  Zergling x14, Baneling x4  
  110  10:20  Baneling x3  
  121  10:21  Zergling x6  
  121  10:24  Zergling x4  
  121  10:28  Baneling  
  122  10:30  Zergling x4  
  122  10:34  Baneling x6  
  124  10:36  Hydralisk x4  
  124  10:40  Zergling x6, Muscular Augments  
  135  10:46  Zergling x4  
  135  10:48  Baneling x5  
  137  10:50  Hydralisk  
  137  10:51  Hydralisk  
  137  10:53  Baneling x2  
  140  10:58  Hydralisk  
  140  11:03  Zergling x6  
  143  11:05  Extractor  
  143  11:07  Zergling x10  
  147  11:12  Overlord  
  147  11:13  Queen x2  
  147  11:16  Zergling x8  
  155  11:20  Overlord  
  155  11:22  Zergling x6  
  155  11:23  Zerg Ground Armor Level 2  
  158  11:25  Hydralisk  
  152  11:38  Zergling x2  
  152  11:39  Zergling x8  
  132  11:40  Zergling x12  
  132  11:44  Zergling x10  
  133  11:47  Baneling  
  133  11:48  Baneling x7  
  133  11:55  Drone x3  
  133  11:59  Baneling x4  
  133  12:00  Hydralisk  
  138  12:07  Drone x2  
  140  12:09  Drone x2  
  142  12:16  Zergling x2  
  142  12:17  Zergling x8  
  142  12:20  Zergling x4  
  149  12:23  Queen, Hatchery  
  149  12:25  Baneling x7  
  149  12:29  Baneling x2  
  149  12:30  Baneling x4  
  149  12:33  Zergling x12  
  155  12:39  Hatchery  
  155  12:41  Zergling x10  
  156  12:45  Hydralisk  
  156  12:53  Zergling x4  
  156  12:54  Queen x2  
  156  12:56  Zergling x8  
  161  13:00  Zergling x8  
  161  13:04  Hydralisk  
  161  13:05  Hydralisk  
  169  13:06  Hatchery  
  149  13:16  Hydralisk x5  
  145  13:22  Infestation Pit  
  145  13:25  Baneling x7  
  144  13:28  Zergling x12  
  144  13:33  Zergling x10  
  153  13:44  Zergling x20  
  163  13:52  Zergling x8  
  167  13:58  Zergling x8  
  167  13:59  Baneling  
  167  14:00  Baneling x6  
  167  14:01  Hive  
  171  14:06  Zergling x8  
  175  14:15  Zergling x12  
  144  14:31  Hatchery  
  144  14:32  Zergling x18  
  144  14:33  Zergling x4  
  144  14:34  Zergling x4  
  144  14:38  Baneling x2  
  131  14:39  Baneling x6  
  131  14:40  Zergling x2  
  131  14:44  Baneling x6  
  131  14:46  Zergling x4  
  131  14:52  Drone x5  
  138  14:57  Zergling x2  
  138  14:58  Zergling x8  
  143  15:01  Baneling x7  
  143  15:04  Burrow  
  143  15:10  Infestor  
  143  15:11  Infestor x2  
  143  15:12  Zergling x4  
  150  15:18  Drone x4  
  150  15:19  Drone  
  153  15:21  Zergling x6  
  153  15:25  Zergling x6  
  153  15:27  Viper  
  158  15:29  Zergling x4  
  158  15:35  Zergling x8  
  164  15:41  Spore Crawler  
  163  15:43  Adrenal Glands  
  163  15:45  Drone x4  
  163  15:49  Zergling x8  
  171  15:55  Baneling x3  
  171  15:56  Zergling x8  
  171  15:57  Zergling x4  
  176  16:04  Hydralisk x3  
  176  16:10  Zergling x10  
  165  16:19  Zergling x14  
  130  16:34  Infestor x2  
  130  16:37  Zergling x10  
  125  16:41  Infestor  
  125  16:43  Zergling x22  
  125  16:45  Zergling x6  
  130  16:49  Zergling x10  
  130  16:52  Baneling x5  
  135  16:54  Zergling x6  
  135  17:00  Zergling x8  
  138  17:07  Zergling x8  
  142  17:09  Baneling x10  
  141  17:17  Zergling x10  
  141  17:20  Hydralisk x2  
  150  17:22  Zergling x2  
  150  17:23  Zergling x4  
  140  17:47  Viper  
  140  17:50  Zergling x10  
  148  17:55  Baneling x4  
  149  17:58  Zergling x10  
  149  18:01  Zergling x12  
  149  18:04  Hatchery